 Dungeon Crawl Stone Soup version 0.31-a0-996-g3b49de5 (webtiles) character file.

Game seed: 18338435211314599860

679 Dorkslayer the Chopper (level 7, -2/60 HPs)
             Began as a Hill Orc Fighter on Nov 6, 2023.
             Slain by an iguana (7 damage)
             ... on level 5 of the Dungeon.
             The game lasted 00:06:18 (3798 turns).

Dorkslayer the Chopper (Hill Orc Fighter)           Turns: 3798, Time: 00:06:18

Health: -2/60      AC: 14    Str: 21    XL:     7   Next: 60%
Magic:  7/7        EV:  6    Int:  8    God:
Gold:   179        SH:  4    Dex: 10    Spells: 6/6 levels left

rFire   . . .        a - +0 war axe
rCold   . . .        c - +0 buckler
rNeg    . . .        e - +0 plate armour
rPois   +            (no helmet)
rElec   .            b - +1 cloak
rCorr   .            (no gloves)
SInv    .            (no boots)
Will    .....        (no amulet) Stlth
                     o - ring of poison resistance
HPRegen 0.30/turn    (no ring)
MPRegen 0.10/turn

%: no passive effects
@: no status effects
A: no striking features
a: no special abilities


You were on level 5 of the Dungeon.
You visited 1 branch of the dungeon, and saw 5 of its levels.

You collected 201 gold pieces.
You spent 22 gold pieces at shops.

Inventory:

Hand Weapons
 a - a +0 war axe (weapon)
Armour
 b - a +1 cloak (worn)
 c - a +0 buckler (worn)
 e - a +0 plate armour (worn)
Jewellery
 o - a ring of poison resistance (left hand)
Wands
 d - a wand of charming (12)
Scrolls
 g - 3 scrolls of revelation
 h - 3 scrolls of teleportation
 k - a scroll of immolation
 r - 2 scrolls of torment {unknown}
 s - a scroll of enchant weapon {unknown}
Potions
 f - a potion of mutation
 i - a potion of enlightenment {unknown}
 j - a potion of ambrosia
 l - a potion of curing
 m - a potion of attraction {unknown}
 n - a potion of lignification {unknown}
 p - a potion of berserk rage {unknown}


   Skills:
 + Level 4.9 Fighting
 + Level 6.8 Axes
 + Level 5.4 Armour
 * Level 2.7 Dodging
 + Level 4.1 Shields


You had 6 spell levels left.
You didn't know any spells.
Your spell library contained the following spells:

 Spells                   Type           Power      Damage    Failure   Level
 Freeze                   Ice            0%         1d3       100%        1
 Kiss of Death            Conj/Necr      0%         2d5       100%        1
 Magic Dart               Conj           0%         1d3       100%        1
 Call Imp                 Summ           0%         N/A       100%        2
 Ensorcelled Hibernation  Hex/Ice        0%         N/A       100%        2
 Passwall                 Tmut/Erth      0%         N/A       100%        2
 Confusing Touch          Hex            0%         N/A       100%        3
 Frozen Ramparts          Ice            0%         1d1       100%        3
 Hailstorm                Conj/Ice       0%         3d3       100%        3
 Mephitic Cloud           Conj/Pois/Air  0%         N/A       100%        3
 Swiftness                Air            0%         N/A       100%        3
 Dispel Undead            Necr           0%         3d6       100%        4
 Vhi's Electric Charge    Tloc/Air       0%         N/A       100%        4
 Arcjolt                  Conj/Air       0%         1d10      100%        5
 Plasma Beam              Fire/Air       0%         2x1d10    100%        6


Dungeon Overview and Level Annotations

Branches:
Dungeon (5/15)
 Temple: D:4-7

Altars:

Shops:
D:2 ?


Message History

The black bear barely misses you.
You hit the black bear.
The black bear is heavily wounded.
The black bear bites you but does no damage.
The black bear claws you but does no damage. x2
You barely miss the black bear.
The black bear is heavily wounded.
You hit the iguana.
The black bear bites you but does no damage.
The black bear claws you but does no damage. x2
The iguana barely misses you.
You hit the black bear.
The black bear is severely wounded.
You completely miss the iguana. The black bear bites you.
The black bear claws you but does no damage.
The black bear claws you. The iguana barely misses you.
You barely miss the black bear.
The black bear is severely wounded.
You hit the ogre. You hit the iguana but do no damage.
The ogre hits you with a +0 giant club!!
An iguana comes into view.
The iguana bites you. The black bear barely misses you.
The black bear claws you but does no damage.
The black bear claws you.
* * * LOW HITPOINT WARNING * * *
The iguana bites you but does no damage.
The black bear bites you but does no damage.
The black bear claws you.
* * * LOW HITPOINT WARNING * * *
The black bear claws you but does no damage.
The iguana hisses angrily.
You slash the ogre!
The ogre is heavily wounded.
You closely miss the black bear. You barely miss the iguana.
You hit the black bear. The ogre hits you with a +0 giant club!
* * * LOW HITPOINT WARNING * * *
The black bear barely misses you.
The black bear claws you but does no damage. x2
The iguana bites you!
You die...

..##.# .#. .....#
... .....# #.#
####### .....# #.#
#......
####[######.###.....
#............##..##
#.##.######.......##
#.##.# #......O.#
.....# #...#.@h.#
#.#### #####.hll...#
#.# ##........ #.#
....##.#. ... ##.##
# ### .# .# .#


You could see 2 black bears, an ogre and 2 iguanas.

Vanquished Creatures
  2 ogres (D:4)
  A phantom (D:4)
  A scorpion (D:4)
  An orc priest (D:4)
  Crazy Yiuf (D:4)
  A sleepcap (D:4)
  3 iguanas
  Ijyb (D:4)
  9 adders
  A white imp (D:3)
  2 ufetubi (D:5)
  3 worms
  2 dart slugs
  7 orcs
  5 bats
  3 endoplasms
  5 giant cockroaches
  3 goblins
  6 hobgoblins
  10 jackals
  3 quokkas (D:4)
  5 ball pythons
  A frilled lizard (D:2)
  6 kobolds
  7 rats
89 creatures vanquished.

Notes
Turn   | Place    | Note
-------+----------+-------------------------------------------
     0 | D:1      | Dorkslayer the Hill Orc Fighter began the quest for the
                  | Orb.
     0 | D:1      | Reached XP level 1. HP: 19/19 MP: 1/1
    21 | D:1      | Found a faded altar of an unknown god.
   177 | D:1      | Reached XP level 2. HP: 27/27 MP: 2/2
   599 | D:2      | Reached XP level 3. HP: 17/33 MP: 3/3
   821 | D:2      | Found Vekebiet's Magic Scroll Emporium.
   824 | D:2      | Bought a scroll of identify for 22 gold pieces
   901 | D:2      | Reached skill level 3 in Axes
  1221 | D:2      | Reached XP level 4. HP: 40/40 MP: 4/4
  1472 | D:3      | Reached skill level 1 in Dodging
  1942 | D:3      | Reached skill level 4 in Axes
  2051 | D:3      | Reached XP level 5. HP: 46/46 MP: 5/5
  2395 | D:4      | Noticed a phantom
  2413 | D:4      | Killed a phantom
  2414 | D:4      | Reached skill level 5 in Axes
  2414 | D:4      | Reached XP level 6. HP: 49/53 MP: 6/6
  2476 | D:4      | Noticed Ijyb
  2491 | D:4      | Killed Ijyb
  2904 | D:4      | Reached skill level 5 in Armour
  2938 | D:4      | Reached skill level 6 in Axes
  2938 | D:4      | Reached XP level 7. HP: 11/60 MP: 7/7
  3498 | D:4      | Found a runed translucent door.
  3499 | D:4      | Noticed Crazy Yiuf
  3508 | D:4      | Killed Crazy Yiuf
  3613 | D:5      | Entered Level 5 of the Dungeon
  3798 | D:5      | Slain by an iguana

Illustrated notes

Levels and vault maps discovered:
D:1:      sevenhm_arrival_forest_fort_small_3, layout_rooms,
          ebering_ecumenical_altar_petrified, due_unseen_surprise
D:2:      layout_loops_ring, serial_shops, nicolae_shop_rolled_up,
          minmay_misc_feat_tower
D:3:      layout_loops_ring
D:4:      layout_loops_ring, dreamdust_princess_corridor, uniq_ijyb,
          uniq_crazy_yiuf_cottage
D:5:      layout_loops_cross, minmay_temple_entry_large_hall

Skill      XL: |  1  2  3  4  5  6 |
---------------+-------------------+-----
Armour         | 4 5 |  5.4
Axes           | 3 4 5 6 |  6.8
Fighting       | 4 |  4.9
Dodging        | 1 2 |  2.7
Shields        | 4 |  4.1

Action                     |  1- 3 |  4- 6 |  7- 9 || total
---------------------------+-------+-------+-------++-------
  Melee: War axe           |    84 |   142 |    45 ||   271
    Use: Scroll            |     3 |     1 |     2 ||     6
         Potion            |       |     1 |     2 ||     3
 Armour: Plate armour      |    80 |   115 |    51 ||   246
  Dodge: Dodged            |    17 |    45 |    17 ||    79
  Block: Buckler           |    19 |    30 |    11 ||    60

Table legend: (Time is in decaauts)
 A = Elapsed time spent in this place.
 B = Non-inter-level travel time spent in this place.
 C = Inter-level travel time spent in this place.
 D = Time resting spent in this place.
 E = Time spent auto-exploring this place.
 F = Levels seen in this place.
 G = Mean time per level.
                   A        B        C        D        E       F      G
               +--------+--------+--------+--------+--------+-----+--------+
         Total |   3880 |   3880 |      0 |      0 |   2756 |   5 |  776.0 |
       Dungeon |   3880 |   3880 |      0 |      0 |   2756 |   5 |  776.0 |
               +--------+--------+--------+--------+--------+-----+--------+

Top non-repeatable levels by time:
     D:4: 1468 daAuts
     D:2: 859 daAuts
     D:3: 789 daAuts
     D:1: 575 daAuts
     D:5: 188 daAuts
